 Dungeon Crawl Stone Soup version 0.28-a0-1348-g050f3537b9 (webtiles) character file.

Game seed: 11311178303118692671

245 Deminshera the Cutter (level 6, 0/39 HPs)
             Began as a Kobold Berserker on Dec 30, 2021.
             Was a Believer of Trog.
             Killed by divine providence
             ... invoked by an orc priest
              (12 damage)
             ... on level 3 of the Dungeon.
             The game lasted 00:02:45 (3409 turns).

Deminshera the Cutter (Kobold Berserker)            Turns: 3409, Time: 00:02:46

Health: 0/39       AC:  6    Str: 17    XL:     6   Next: 32%
Magic:  15/15      EV: 13    Int:  8    God:    Trog [**....]
Gold:   126        SH:  0    Dex: 14    Spells: 5/5 levels left

rFire   + . .      SeeInvis .   a - +0 short sword
rCold   . . .      Faith    .   (no shield)
rNeg    + . .      Spirit   .   f - +1 ring mail {rF+}
rPois   .          Reflect  .   (no helmet)
rElec   .          Harm     .   (no cloak)
rCorr   .          Rampage  .   (no gloves)
Will    ++...                   (no boots)
Stlth   +++.......              (no amulet)
HPRegen 1.13/turn               c - ring of positive energy
MPRegen 0.14/turn               k - ring of magical power

@: strong-willed, on berserk cooldown, regenerating, slowed, very slow
A: small, no large weapons, nightstalker 3
a: Renounce Religion, Berserk, Trog's Hand


You were on level 3 of the Dungeon.
You worshipped Trog.
Trog was pleased with you.
You visited 1 branch of the dungeon, and saw 3 of its levels.

You collected 126 gold pieces.

Inventory:

Hand Weapons
 a - a +0 short sword (weapon)
 i - a +1 dagger of holy wrath
Armour
 f - a +1 ring mail of fire resistance (worn)
Jewellery
 c - a ring of positive energy (left hand)
 k - a ring of magical power (right hand)
Wands
 g - a wand of acid (8)
 h - a wand of iceblast (5)
Scrolls
 d - 4 scrolls of identify {unknown}
 e - a scroll of teleportation {unknown}
 j - a scroll of enchant armour {unknown}
 l - a scroll of noise {unknown}
 p - a scroll of immolation {unknown}
Potions
 b - a potion of curing
 m - a potion of lignification {unknown}
 n - a potion of mutation {unknown}
 o - a potion of heal wounds {unknown}


   Skills:
 + Level 4.6 Fighting
 * Level 6.8 Short Blades
 - Level 1.5 Armour
 - Level 2.4 Dodging
 + Level 3.8 Stealth


You had 5 spell levels left.
You didn't know any spells.
Your spell library was empty.

Dungeon Overview and Level Annotations

Branches:
Dungeon (3/15)

Altars:
Uskayaw

Shops:
D:1 [


Innate Abilities, Weirdness & Mutations

You are small and have problems with some larger weapons.
You are completely attuned to the shadows.


Message History

An orc priest comes into view. It is wielding a +0 flail.
An orc priest is nearby!
An orc priest is nearby!
An orc priest is nearby!
The orc priest mumbles some strange prayers to Beogh against you.
Beogh smites you!
You hear a shout! x2
An orc comes into view. It is wielding a +0 short sword.
The orc priest looks braver for a moment.
You completely miss the orc priest.
The orc priest hits you with a +0 flail.
You closely miss the orc priest.
The orc priest hits you with a +0 flail.
You closely miss the orc priest. The orc priest misses you.
The orc barely misses you.
You hit the orc priest.
The orc priest is lightly wounded.
The orc priest barely misses you. The orc hits you but does no damage.
You barely miss the orc.
The orc priest invokes the aid of Beogh against you.
Beogh smites you!
* * * LOW HITPOINT WARNING * * *
The orc closely misses you.
You hit the orc.
The orc is moderately wounded.
The orc hits you with a +0 short sword.
* * * LOW HITPOINT WARNING * * *
You hit the orc.
The orc is heavily wounded.
An orc comes into view. It is wielding a +0 club.
The orc barely misses you.
Your skin crawls.
You feel strong-willed. The orc hits you with a +0 short sword.
* * * LOW HITPOINT WARNING * * *
It was a potion of curing.
You feel better. The orc hits you with a +0 short sword.
The orc priest invokes the aid of Beogh against you.
Beogh smites you!
You die...

#..####.##.######
#. #.##.######
##.........#
#.....####.#
#......#...# #.#
####..###....##
#.# #. ...#
##.#.# #.#
###.##.#####.#.#
#.# ...oo@.....
#.# #.#
###o##.#### #.#
#.# #. #.# #.#
#.. #. #.# #.#
### #. #.# #.#
#.# #.#
##.#######.###
#............#
#..########..###


You could see an orc priest and 2 orcs.

Vanquished Creatures
  A steam dragon (D:3)
  Ijyb (D:2)
  3 adders
  A worm (D:2)
  An orc (D:3)
  7 ball pythons
  7 bats
  6 endoplasms
  4 giant cockroaches
  8 goblins
  2 hobgoblins (D:2)
  3 kobolds
  4 quokkas
  A frilled lizard (D:1)
  9 rats
58 creatures vanquished.

Notes
Turn   | Place    | Note
-------+----------+-------------------------------------------
     0 | D:1      | Deminshera the Kobold Berserker began the quest for the
                  | Orb.
     0 | D:1      | Reached XP level 1. HP: 14/14 MP: 1/1
   452 | D:1      | Reached XP level 2. HP: 19/19 MP: 2/2
   480 | D:1      | Reached skill level 1 in Stealth
   487 | D:1      | Found Ducwam's Armour Emporium.
  1240 | D:2      | Reached XP level 3. HP: 23/23 MP: 3/3
  1511 | D:2      | Reached skill level 5 in Short Blades
  1548 | D:2      | Found a faded altar of an unknown god.
  1607 | D:2      | Reached XP level 4. HP: 29/29 MP: 4/4
  1619 | D:2      | Noticed Ijyb
  1633 | D:2      | Killed Ijyb
  1637 | D:2      | Reached ** piety under Trog
  2996 | D:3      | Noticed a +0 hand axe
  2997 | D:3      | Noticed a +0 dagger
  3001 | D:3      | Reached XP level 5. HP: 33/33 MP: 5/5
  3001 | D:3      | Found a hide-covered altar of Uskayaw.
  3381 | D:3      | Noticed a steam dragon
  3388 | D:3      | Killed a steam dragon
  3389 | D:3      | Reached skill level 6 in Short Blades
  3389 | D:3      | Reached XP level 6. HP: 39/39 MP: 6/6
  3409 | D:3      | Killed from afar by an orc priest

Illustrated notes

Levels and vault maps discovered:
D:1:      heliophobic_arrival_glass_houses, layout_loops_ring, serial_shops,
          shop
D:2:      kennysheep_the_goblin_king, layout_loops_corners,
          shapermc_ecumenical_altar_starsandcircs, corexii_leaking_fountain,
          minmay_cut_off
D:3:      layout_loops_ring, dancing_weapons_uskayaw

Skill      XL: |  1  2  3  4  5 |
---------------+----------------+-----
Stealth        | 1 2 3 |  3.8
Short Blades   | 5 6 |  6.8
Fighting       | 4 |  4.6
Armour         | |  1.5
Dodging        | |  2.4

Action                   |  1- 3 |  4- 6 || total
-------------------------+-------+-------++-------
Melee: Short sword       |    59 |    78 ||   137
Invok: Berserk           |       |     2 ||     2
       Trog's Hand       |       |     1 ||     1
  Use: Potion            |       |     1 ||     1
 Stab: Sleeping          |    18 |    11 ||    29
Armor: Animal skin       |     3 |       ||     3
       Ring mail         |     7 |    21 ||    28
Dodge: Dodged            |    36 |    42 ||    78

Table legend: (Time is in decaauts)
 A = Elapsed time spent in this place.
 B = Non-inter-level travel time spent in this place.
 C = Inter-level travel time spent in this place.
 D = Time resting spent in this place.
 E = Time spent auto-exploring this place.
 F = Levels seen in this place.
 G = Mean time per level.
                   A        B        C        D        E       F      G
               +--------+--------+--------+--------+--------+-----+--------+
         Total |   3401 |   3280 |    121 |    548 |   2356 |   3 | 1133.7 |
       Dungeon |   3401 |   3280 |    121 |    548 |   2356 |   3 | 1133.7 |
               +--------+--------+--------+--------+--------+-----+--------+

Top non-repeatable levels by time:
     D:2: 1658 daAuts
     D:1: 1279 daAuts
     D:3: 462 daAuts
